 Dungeon Crawl Stone Soup version 0.16-a0-2098-gf8c960b (webtiles) character file.

123 Psiweapon the Slasher (level 4, -17/33 HPs)
             Began as a Vampire Gladiator on Nov 12, 2014.
             Demolished by Erg's ghost (18 damage)
             ... in a sewer.
             The game lasted 00:08:48 (2418 turns).

Psiweapon the Slasher (Vampire Gladiator)           Turns: 2418, Time: 00:08:48

Health: -17/33     AC:  7    Str: 19    XL:     4   Next: 80%
Magic:  4/4        EV: 13    Int: 10    God:
Gold:   217        SH:  0    Dex: 15    Spells: 0 memorised, 3 levels left

rFire  . . .     SeeInvis +     a - +0 long sword
rCold  . . .     Clarity  .     b - +0 leather armour
rNeg   + . .     SustAb   .     (no shield)
rPois  .         Gourm    .     c - +1 helmet
rElec  .         Spirit   .     o - +0 cloak
rCorr  .         Warding  .     r - +0 pair of gloves (curse)
rMut   .         Stasis   .     (no boots)
MR     .....                    (no amulet)
Stlth  +.........               (no ring)
                                p - -2 ring of slaying (curse)

@: mighty, not resistant to hostile enchantments, very unstealthy
A: fangs 3, see invisible, unbreathing
a: Bat Form


You were in a sewer.
You were not thirsty.

You visited 1 branch of the dungeon, and saw 3 of its levels.
You also visited: Sewer.

You collected 217 gold pieces.

Inventory:

Hand weapons
 a - a +0 long sword (weapon)
 l - a +0 hunting sling
 s - a +8 club
Missiles
 d - a throwing net (quivered)
 q - 8 bolts
 t - 15 exploding sling bullets
 v - 15 bolts of frost
Armour
 b - a +0 leather armour (worn)
 c - a +1 helmet (worn)
 m - a +0 ring mail
 o - a +0 cloak (worn)
 r - a cursed +0 pair of gloves (worn)
Jewellery
 p - a cursed -2 ring of slaying (left hand)
Magical devices
 f - a wand of polymorph (3)
Scrolls
 h - 5 scrolls of remove curse {unknown}
 w - a scroll of identify
Potions
 g - a potion of haste {unknown}
 i - a potion of cancellation {unknown}
 j - 2 potions of might
 k - a potion of mutation {unknown}
 n - 5 potions of curing {unknown}
Books
 u - a book of Control

   Spells                             Type                      Level
   Control Teleport                   Charms/Translocation         4
   Control Undead                     Necromancy                   4
   Enslavement                        Hexes                        4
   Metabolic Englaciation             Hexes/Ice                    5
   Mass Confusion                     Hexes                        6


   Skills:
 - Level 1.7 Fighting
 - Level 5.1 Long Blades
 - Level 1.5 Throwing
 + Level 4.1 Dodging


You had 3 spell levels left.
You didn't know any spells.

Dungeon Overview and Level Annotations

Branches:
Dungeon (3/15)

Altars:
Gozag
Sif Muna
The Shining One

Annotations:
Sewer Erg's ghost, average MiBe


Innate Abilities, Weirdness & Mutations

You have razor-sharp teeth.
You have supernaturally acute eyesight.
You can survive without breathing.


Message History

Erg's ghost is moderately damaged.
Erg's ghost hits you!
* * * LOW HITPOINT WARNING * * *
Erg's ghost hits you.
* * * LOW HITPOINT WARNING * * *
You hit Erg's ghost but do no damage.
Erg's ghost is moderately damaged.
Erg's ghost completely misses you.
You closely miss Erg's ghost. You bite Erg's ghost, but do no damage.
Erg's ghost is moderately damaged.
Erg's ghost hits you but does no damage.
You slash Erg's ghost! You bite Erg's ghost.
Erg's ghost is heavily damaged.
Erg's ghost hits you.
* * * LOW HITPOINT WARNING * * *
You barely miss Erg's ghost.
Erg's ghost is heavily damaged.
Erg's ghost hits you!!
Ouch! That really hurt!
You die...

#.≈≈≈≈≈≈ #.≈≈≈≈≈.#
#≈≈≈≈≈≈.# #.≈≈≈≈≈.#
#≈≈≈≈≈..#
###############≈.≈≈≈.≈#
≈≈≈≈≈≈≈≈≈≈≈≈≈≈≈≈≈≈≈≈.≈#
###############≈.≈≈≈..#
##@≈≈≈.## #W≈≈≈.#
#.≈≈≈.# #.≈≈≈..∩#
#.≈≈≈.### #.≈≈≈.#
##≈≈≈## ≈≈≈# ≈


You could see Erg's ghost.

Vanquished Creatures
  Jessica (D:2)
  2 adders
  2 green rats
  A giant mite (D:3)
  4 worms
  A giant gecko (D:1)
  2 orcs (D:3)
  2 giant cockroaches
  8 goblins
  3 hobgoblins
  3 jackals (D:1)
  A bat (D:1)
  3 giant newts
  2 kobolds
  10 rats
  A plant (D:2)
46 creatures vanquished.

Notes
Turn   | Place    | Note
--------------------------------------------------------------
     0 | D:1      | Psiweapon, the Vampire Gladiator, began the quest for the Orb.
     0 | D:1      | Reached XP level 1. HP: 16/16 MP: 1/1
   124 | D:1      | Reached XP level 2. HP: 17/22 MP: 2/2
  1080 | D:2      | Reached skill level 4 in Long Blades
  1105 | D:2      | Reached XP level 3. HP: 13/27 MP: 3/3
  1220 | D:2      | Found a deep blue altar of Sif Muna.
  1220 | D:2      | Found a glowing golden altar of the Shining One.
  1221 | D:2      | Found an opulent altar of Gozag.
  1668 | D:2      | Noticed Jessica
  1679 | D:2      | Killed Jessica
  1909 | D:3      | Reached XP level 4. HP: 19/33 MP: 4/4
  2021 | D:3      | Reached skill level 5 in Long Blades
  2057 | D:3      | Noticed Terence
  2059 | D:3      | Noticed Terence
  2059 | D:3      | Terence changed into Terence the hobgoblin
  2070 | D:3      | Killed Terence the hobgoblin
  2281 | D:3      | Found a glowing drain.
  2285 | Sewer    | Entered a sewer
  2407 | Sewer    | Noticed Erg's ghost (average MiBe)
  2417 | Sewer    | HP: 1/33 [Erg's ghost (2)]
  2418 | Sewer    | Demolished by Erg's ghost

Action                   |  1- 3 |  4- 6 || total
-------------------------+-------+-------++-------
Melee: Long sword        |   156 |    77 ||   233
Throw: Throwing net      |     4 |     3 ||     7
Evoke: Wand              |       |     2 ||     2
  Use: Scroll            |     5 |       ||     5
       Potion            |       |     1 ||     1
 Stab: Held in net/web   |       |     2 ||     2
       Sleeping          |       |     1 ||     1
  Eat: Corpse            |     9 |     1 ||    10
